 Dungeon Crawl Stone Soup version 0.26-a0-846-gcc8f1ee719 (webtiles) character file.

Game seed: 16010686904722725145

27139 TigOlBitties the Eclecticist (level 13, -1/78 HPs)
             Began as a Deep Elf Earth Elementalist on Nov 20, 2020.
             Was an Elder of Vehumet.
             Slain by a black mamba (14 damage)
             ... on level 5 of the Lair of Beasts.
             The game lasted 00:38:57 (21426 turns).

TigOlBitties the Eclecticist (DEEE)                Turns: 21426, Time: 00:38:58

Health: -1/78      AC:  4    Str:  6    XL:     13   Next: 2%
Magic:  24/44      EV: 16    Int: 27    God:    Vehumet [****..]
Gold:   915        SH:  0    Dex: 15    Spells: 35/44 levels left

rFire    . . .     SeeInvis .   L - +5 great mace "Ygiw" {drain, *Corrode rElec MR++ Int+2}
rCold    . . .     Faith    +   (shield currently unavailable)
rNeg     . . .     Spirit   .   v - +2 robe {MR+}
rPois    .         Reflect  .   E - +1 helmet
rElec    +         Harm     .   y - +0 cloak
rCorr    .         Rampage  .   z - +0 pair of gloves
MR       ++++.                  (no boots)
Stlth    ++........             c - amulet of faith
HPRegen  0.23/turn              p - ring of magical power
MPRegen  0.29/turn              M - ring of wizardry

@: lethally poisoned (-1 -> -30), corroded
A: no striking features
a: Renounce Religion


You were on level 5 of the Lair of Beasts.
You worshipped Vehumet.
Vehumet was greatly pleased with you.
You visited 3 branches of the dungeon, and saw 16 of its levels.

You collected 1025 gold pieces.
You spent 110 gold pieces at shops.

Inventory:

Hand Weapons
 q - the +5 great sword of the Kidney {freeze, rF+++ MR+ Int-4}
   (You found it on level 8 of the Dungeon)

   It has been specially enchanted to freeze those struck by it, causing extra
   injury to most foes and up to half again as much damage against particularly
   susceptible opponents.
   It can also slow down cold-blooded creatures.
   It affects your intelligence (-4).
   It renders you almost immune to fire.
   It affects your resistance to hostile enchantments.
 D - the +8 longbow "Zephyr" {speed, Dex+3 SInv}
   (You found it on level 10 of the Dungeon)

   Attacks with this weapon are significantly faster.
   It affects your dexterity (+3).
   It lets you see invisible.
 L - the +5 great mace "Ygiw" (weapon) {drain, *Corrode rElec MR++ Int+2}
   (You took it off an ogre on level 8 of the Dungeon)

   A truly terrible weapon, it drains the life of those it strikes.
   It affects your intelligence (+2).
   It insulates you from electricity.
   It affects your resistance to hostile enchantments.
   It may corrode you when you take damage.
Missiles
 b - 366 stones
 Q - 9 curare-tipped darts (quivered)
Armour
 v - a +2 robe of magic resistance (worn)
 y - a +0 cloak (worn)
 z - a +0 pair of gloves (worn)
 E - a +1 helmet (worn)
Jewellery
 c - an amulet of faith (around neck)
 p - a ring of magical power (left hand)
 x - an uncursed ring of stealth
 M - a ring of wizardry (right hand)
 S - an uncursed ring of protection from magic
 V - an uncursed amulet of regeneration {unknown}
 Y - an uncursed amulet of the acrobat
Wands
 o - a wand of iceblast (21)
 A - a wand of acid (32)
 F - a wand of disintegration (47)
 K - a wand of flame (34)
 O - a wand of enslavement (8)
 X - a wand of paralysis (7)
Scrolls
 e - 2 scrolls of fog
 g - 7 scrolls of teleportation
 h - 2 scrolls of enchant armour
 k - a scroll of blinking
 n - a scroll of identify
 r - 4 scrolls of enchant weapon
 t - 2 scrolls of immolation
 B - 6 scrolls of remove curse
 I - a scroll of summoning
 R - 2 scrolls of amnesia
Potions
 a - 5 potions of flight
 d - 7 potions of curing
 f - 4 potions of heal wounds
 i - 3 potions of lignification
 j - 3 potions of mutation
 l - 2 potions of haste {unknown}
 m - a potion of magic {unknown}
 s - a potion of invisibility
 u - a potion of cancellation
 w - 4 potions of brilliance
 G - a potion of berserk rage
 H - 5 potions of might {unknown}


   Skills:
 - Level 8.2 Fighting
 - Level 6.0 Dodging
 - Level 2.4 Stealth
 + Level 16.3 Spellcasting
 - Level 5.4 Conjurations
 - Level 1.1 Transmutations
 + Level 14.2 Earth Magic
 + Level 2.3 Evocations


You had 35 spell levels left.
You knew the following spells:

 Your Spells              Type           Power        Failure   Level
a - Sandblast             Erth           ######       0%          1
b - Stone Arrow           Conj/Erth      ######       1%          3
c - Lee's Rapid Deconstr  Erth           #######...   1%          5

Your spell library contained the following spells:

 Spells                   Type           Power        Failure   Level
 Frozen Ramparts          Ice            ###...       1%          3
 Animate Skeleton         Necr           ###...       1%          1
 Apportation              Tloc           ###...       1%          1
 Corona                   Hex            ###....      1%          1
 Summon Small Mammal      Summ           ###.         1%          1
 Passwall                 Tmut/Erth      ######..     1%          2
 Petrify                  Tmut/Erth      ######..     1%          4
 Summon Ice Beast         Ice/Summ       ###.....     9%          4
 Summon Lightning Spire   Summ/Air       ###.....     9%          4
 Ignition                 Fire           ###.......   100%        8


Dungeon Overview and Level Annotations

Branches:
Dungeon (10/15)            Temple (1/1) D:7            Lair (5/6) D:8
  Swamp (0/4) Lair:3       Spider (0/4) Lair:3
  Slime: Lair:5-6       Orc: D:9-12

Altars:
Ashenzari
Cheibriados
Dithmenos
Elyvilon
Fedhas
Gozag
Hepliaklqana
Kikubaaqudgha
Makhleb
Nemelex Xobeh
Okawaru
Qazlal
Ru
Sif Muna
Trog
Uskayaw
Vehumet
Wu Jian
Xom
Yredelemnul
Zin
The Shining One

Shops:
D:9 !


Message History

A yak comes into view.
A water moccasin comes into view.
The black mamba bites you.
A water moccasin comes into view.
Unknown command.
Casting: Stone Arrow (safe; 1% risk of failure)
Confirm with . or Enter, or press ? or * to list all spells.
Aiming: Stone Arrow (safe; 1% risk of failure)
Press: ? - help, Shift-Dir - straight line, f/p - black mamba
Aim: a black mamba (moderately wounded)
The stone arrow misses the black mamba.
The water moccasin hisses angrily.
You feel sick. The black mamba bites you!!
* * * LOW HITPOINT WARNING * * *
The black mamba misses you.
You feel much better.
You feel sick. The black mamba barely misses you.
You feel sick. The black mamba bites you!
* * * LOW HITPOINT WARNING * * *
You are lethally poisoned!
The black mamba poisons you! The black mamba bites you!
You die...

### #P.##..
#.###.P.....
#..S@...Y..#
......S...####.
#.......(#.#
......#.## .#
....##.S# #
.... .## ♣.♣ .
≈≈ ..


You could see a black mamba, a yak and 2 water moccasins.

Vanquished Creatures
  5 hydras
  2 two-headed ogres
  Erica (D:8)
  Urug (Lair:4)
  Sonja (Lair:2)
  Pikel (D:4)
  An unseen horror (D:10)
  The ghost of Frask the Destroyer, a novice DECj of Okawaru (D:8)
  4 black mambas
  An elephant (D:8)
  8 cane toads
  8 komodo dragons
  A rime drake (Lair:3)
  A hornet (D:10)
  Prince Ribbit (D:5)
  7 blink frogs (Lair:3)
  Grinder (D:3)
  Sigmund (D:3)
  Eustachio (D:5)
  10 yaks
  4 wyverns
  3 basilisks
  Grum (D:10)
  A wraith (D:10)
  Menkaure (D:7)
  3 swamp worms (Lair:3)
  8 water moccasins
  Duvessa (D:6)
  3 ice beasts
  3 orc warriors
  4 sky beasts
  2 black bears
  A necrophage (D:8)
  2 centaurs
  8 ogres
  12 wolves
  3 lemures (D:4)
  2 big kobolds (D:9)
  9 bullfrogs
  Dowan (D:6)
  A scorpion (Lair:3)
  6 killer bees
  13 wights
  6 electric eels (D:10)
  2 howler monkeys
  A bullfrog zombie (D:5)
  A quasit (D:10)
  3 bullfrog skeletons
  7 orc priests
  9 hounds
  2 jellies (D:5)
  Crazy Yiuf (D:3)
  3 centaur skeletons
  8 orc wizards
  3 iguanas
  Jessica (D:3)
  Ijyb (D:5)
  9 worker ants
  A hound zombie (D:7)
  A howler monkey zombie (D:8)
  A worker ant zombie (D:10)
  A howler monkey skeleton (D:7)
  5 adders
  6 shadow imps
  6 white imps
  An ufetubus (D:7)
  2 adder skeletons
  2 adder zombies
  4 worms
  6 leopard geckos
  37 orcs
  12 giant cockroaches
  7 goblins
  9 hobgoblins
  5 jackals
  11 kobolds
  5 quokkas
  A ball python (D:4)
  5 bats
  A frilled lizard (D:3)
  2 leopard gecko skeletons
  A quokka skeleton (D:4)
  6 rats
344 creatures vanquished.

Vanquished Creatures (others)
  A white imp (D:10)
  27 fungi
  73 plants
101 creatures vanquished.

Grand Total: 445 creatures vanquished

Notes
Turn   | Place    | Note
-------+----------+-------------------------------------------
     0 | D:1      | TigOlBitties the Deep Elf Earth Elementalist began the
                  | quest for the Orb.
     0 | D:1      | Reached XP level 1. HP: 10/10 MP: 6/6
   640 | D:1      | Reached XP level 2. HP: 15/15 MP: 5/8
  1109 | D:2      | Found a broken altar of Ashenzari.
  1315 | D:2      | Reached skill level 4 in Spellcasting
  1425 | D:2      | Reached XP level 3. HP: 19/19 MP: 10/10
  1429 | D:2      | Learned a level 3 spell: Stone Arrow
  1861 | D:3      | Found a basalt altar of Yredelemnul.
  1924 | D:3      | Noticed Grinder
  1934 | D:3      | Killed Grinder
  1935 | D:3      | Reached skill level 6 in Spellcasting
  1935 | D:3      | Reached skill level 5 in Earth Magic
  1935 | D:3      | Reached XP level 4. HP: 11/24 MP: 1/14
  1935 | D:3      | Reached XP level 5. HP: 13/28 MP: 1/15
  2520 | D:3      | Reached XP level 6. HP: 20/32 MP: 16/17
  2649 | D:3      | Noticed Jessica
  2651 | D:3      | Killed Jessica
  2895 | D:3      | Noticed Sigmund
  2911 | D:3      | Killed Sigmund
  2912 | D:3      | Reached skill level 7 in Spellcasting
  2975 | D:3      | Learned a level 5 spell: Lee's Rapid Deconstruction
  3438 | D:3      | Found a runed translucent door.
  3439 | D:3      | Noticed Crazy Yiuf
  3446 | D:3      | Killed Crazy Yiuf
  3659 | D:4      | Reached XP level 7. HP: 26/36 MP: 18/20
  4168 | D:4      | Reached skill level 1 in Conjurations
  4235 | D:4      | Reached skill level 8 in Spellcasting
  4671 | D:4      | Noticed Pikel
  4685 | D:4      | Killed Pikel
  4686 | D:4      | Reached skill level 9 in Spellcasting
  4686 | D:4      | Reached XP level 8. HP: 17/41 MP: 0/23
  5632 | D:5      | Entered Level 5 of the Dungeon
  5645 | D:5      | Found a blossoming altar of Fedhas.
  5730 | D:5      | Noticed Eustachio
  5742 | D:5      | Killed Eustachio
  6031 | D:5      | Noticed Prince Ribbit
  6037 | D:5      | Killed Prince Ribbit
  6038 | D:5      | Reached skill level 5 in Conjurations
  6049 | D:5      | Reached skill level 10 in Spellcasting
  6307 | D:5      | Reached XP level 9. HP: 41/45 MP: 22/25
  6594 | D:5      | Found a white marble altar of Elyvilon.
  6779 | D:5      | Noticed Ijyb
  6788 | D:5      | Killed Ijyb
  6993 | D:5      | Found a bloodstained altar of Trog.
  7474 | D:6      | Found an ancient bone altar of Kikubaaqudgha.
  7866 | D:6      | Noticed Dowan
  7949 | D:6      | Noticed Duvessa
  7950 | D:6      | Killed Duvessa
  8113 | D:6      | Killed Dowan
  8537 | D:6      | Reached skill level 11 in Spellcasting
  8941 | D:7      | Reached skill level 5 in Dodging
  9004 | D:7      | Found a staircase to the Ecumenical Temple.
  9014 | Temple   | Entered the Ecumenical Temple
  9103 | Temple   | Became a worshipper of Vehumet
  9376 | D:7      | Noticed Menkaure
  9381 | D:7      | Killed Menkaure
  9386 | D:7      | Reached skill level 10 in Earth Magic
 10178 | D:8      | Noticed an elephant
 10440 | D:8      | Reached skill level 1 in Fighting
 10440 | D:8      | Reached XP level 10. HP: 52/52 MP: 27/27
 10790 | D:8      | Killed an elephant
 10791 | D:8      | Reached skill level 12 in Spellcasting
 10801 | D:8      | Noticed Erica
 11082 | D:8      | Killed Erica
 11341 | D:8      | Found a hazy altar of Hepliaklqana.
 11359 | D:8      | Found a transporter.
 11363 | D:8      | Noticed Frask's ghost (novice DECj)
 11365 | D:8      | Identified the +5 great mace "Ygiw" {drain, *Corrode rElec
                  | MR++ Int+2}
 11368 | D:8      | Found a transporter.
 11373 | D:8      | Killed Frask's ghost
 11665 | D:8      | Found a staircase to the Lair.
 11675 | D:8      | Got a transparent great sword
 11676 | D:8      | Identified the +5 great sword of the Kidney {freeze, rF+++
                  | MR+ Int-4} (You found it on level 8 of the Dungeon)
 11718 | D:8      | Found the +8 Wrath of Trog {antimagic, *Rage}
 11873 | D:9      | Noticed a two-headed ogre
 11885 | D:8      | Killed a two-headed ogre
 11885 | D:8      | Reached * piety under Vehumet
 11885 | D:8      | Offered knowledge of Shock by Vehumet.
 11886 | D:8      | Reached skill level 13 in Spellcasting
 11944 | D:9      | Found Pufobbauh's Distillery.
 12221 | D:9      | Bought a potion of heal wounds for 55 gold pieces
 12221 | D:9      | Bought a potion of heal wounds for 55 gold pieces
 12510 | D:9      | Found a radiant altar of Vehumet.
 12556 | D:9      | Reached XP level 11. HP: 62/62 MP: 30/30
 12696 | D:9      | Reached ** piety under Vehumet
 12696 | D:9      | Offered knowledge of Magic Dart by Vehumet.
 12760 | D:9      | Noticed a two-headed ogre
 12763 | D:9      | Killed a two-headed ogre
 13288 | D:9      | Found a bloodstained altar of Trog.
 13340 | D:10     | Entered Level 10 of the Dungeon
 13343 | D:10     | Killed an unseen horror
 13617 | D:10     | Reached skill level 5 in Fighting
 13914 | D:10     | Noticed Grum
 13915 | D:10     | Found the +8 longbow "Zephyr" {speed, Dex+3 SInv}
 13920 | D:10     | Killed Grum
 13929 | D:10     | Paralysed by a hornet for 3 turns
 14561 | D:10     | Offered knowledge of Conjure Flame by Vehumet.
 14567 | D:10     | Reached skill level 14 in Spellcasting
 15330 | Lair:1   | Entered Level 1 of the Lair of Beasts
 15673 | Lair:1   | Reached *** piety under Vehumet
 16038 | Lair:1   | Noticed a seven-headed hydra
 16052 | Lair:1   | Killed a seven-headed hydra
 16935 | Lair:2   | Noticed Sonja
 16940 | Lair:2   | Killed Sonja
 16941 | Lair:2   | Reached XP level 12. HP: 71/71 MP: 23/32
 16949 | Lair:2   | Reached skill level 15 in Spellcasting
 17337 | Lair:2   | Noticed a seven-headed hydra
 17342 | Lair:2   | Killed a seven-headed hydra
 18032 | Lair:3   | Found a hole to the Spider Nest.
 18195 | Lair:3   | Offered knowledge of Fulminant Prism by Vehumet.
 18476 | Lair:3   | Found a staircase to the Swamp.
 18733 | Lair:3   | HP: 3/72 [poisoned by a cane toad]
 18741 | Lair:3   | HP: 3/72 [poisoned by a cane toad]
 19162 | Lair:3   | Reached **** piety under Vehumet
 19374 | Lair:3   | Offered knowledge of Frozen Ramparts by Vehumet.
 19578 | Lair:3   | Reached skill level 16 in Spellcasting
 19579 | Lair:3   | Noticed a four-headed hydra
 19730 | Lair:3   | Killed a four-headed hydra
 20159 | Lair:3   | Identified the Almanac of the Volcanoes and Creation
 20274 | Lair:4   | Noticed a four-headed hydra
 20277 | Lair:4   | Killed a four-headed hydra
 20278 | Lair:4   | Reached skill level 1 in Evocations
 20821 | Lair:4   | Noticed Urug
 20833 | Lair:4   | Killed Urug
 21085 | Lair:4   | Noticed a five-headed hydra
 21089 | Lair:4   | Killed a five-headed hydra
 21090 | Lair:4   | Reached XP level 13. HP: 78/78 MP: 33/35
 21426 | Lair:5   | Slain by a black mamba

Illustrated notes

Levels and vault maps discovered:
D:1:      grunt_arrival_lava_bath, layout_basic
D:2:      layout_rooms, ashenzari_conservatory_becter,
          kennysheep_generic_room_14
D:3:      layout_basic, yredelemnul_altar_generic,
          ebering_dispersal_statue_hall, minmay_misc_feat_doors,
          minmay_misc_feat_iff, uniq_sigmund, uniq_grinder, uniq_jessica,
          uniq_crazy_yiuf_cottage
D:4:      layout_basic, wad_rectangle_vault, uniq_pikel
D:5:      layout_basic, overflow_temple_1_default, elyvilon_altar_3,
          trog_butcher_becter, uniq_prince_ribbit1, uniq_eustachio, uniq_ijyb
D:6:      layout_loops_ring, kiku_gazebo_pond_becter, uniq_duvessa
D:7:      layout_cave_pools, minmay_temple_entry_overgrown, uniq_menkaure
D:8:      layout_rooms, david_lair_generic, basic_altar, gammafunk_ghost_smash,
          uniq_erica
D:9:      layout_cave_pools, kennysheep_mini, basic_altar, serial_shops,
          nicolae_shop_statue_plus
D:10:     layout_long_grid, serial_bayou, serial_bayou_lake_a,
          serial_bayou_crossing, serial_bayou_ford_a, serial_bayou_pond_d,
          minmay_orc_keep, uniq_grum
Temple:   eino_temple_rhombus
Lair:1:   layout_cave_pods, ldierk_geyser, chequers_serial_rivers_room_a,
          minmay_holes, grunt_megastairs_3
Lair:2:   layout_loops_ring, uniq_sonja
Lair:3:   layout_chaotic_city, swamp_mist, nicolae_spider_entry_non_spiders,
          worms_lemuel
Lair:4:   layout_roguey, infiniplex_staircase_pool, uniq_urug
Lair:5:   layout_hall_layers, portal_ice_cave_demonic_guard,
          nicolae_quartered_pool_super, kb_xom_exploding_sheep

Skill      XL: |  1  2  3  4  5  6  7  8  9 10 11 12 |
---------------+-------------------------------------+-----
Spellcasting   | 4 6 7 9 10 11 13 14 16 | 16.3
Earth Magic    | 4 5 6 8 10 11 13 14 | 14.2
Conjurations   | 3 5 |  5.4
Dodging        | 6 |  6.0
Fighting       | 1 4 6 8 |  8.2
Evocations     | 2 |  2.3
Stealth        | |  2.4
Transmutations | |  1.1

Action                   |  1- 3 |  4- 6 |  7- 9 | 10-12 | 13-15 || total
-------------------------+-------+-------+-------+-------+-------++-------
Melee: Unarmed           |     5 |     1 |       |       |       ||     6
       Dagger            |       |       |     1 |       |       ||     1
       Great mace        |       |       |       |     3 |       ||     3
 Cast: Sandblast         |    36 |     4 |    36 |    24 |       ||   100
       Stone Arrow       |    19 |    32 |   141 |   130 |     3 ||   325
       Lee's Rapid Decon |       |     4 |    19 |   141 |     3 ||   167
  Use: Scroll            |     4 |     4 |       |    23 |       ||    31
       Potion            |       |       |       |     6 |     1 ||     7
Armor: Robe              |     5 |     4 |     9 |    19 |     1 ||    38
Dodge: Dodged            |    13 |    11 |    40 |   120 |     4 ||   188

Table legend: (Time is in decaauts)
 A = Elapsed time spent in this place.
 B = Non-inter-level travel time spent in this place.
 C = Inter-level travel time spent in this place.
 D = Time resting spent in this place.
 E = Time spent auto-exploring this place.
 F = Levels seen in this place.
 G = Mean time per level.
                   A        B        C        D        E       F      G
               +--------+--------+--------+--------+--------+-----+--------+
         Total |  21479 |  20989 |    490 |  11119 |   7174 |  16 | 1342.4 |
       Dungeon |  15260 |  14890 |    370 |   8139 |   4796 |  10 | 1526.0 |
        Temple |    107 |    107 |      0 |      0 |     84 |   1 |  107.0 |
          Lair |   6111 |   5992 |    119 |   2980 |   2294 |   5 | 1222.2 |
               +--------+--------+--------+--------+--------+-----+--------+

Top non-repeatable levels by time:
     D:4: 2075 daAuts
    D:10: 1997 daAuts
     D:3: 1915 daAuts
  Lair:2: 1835 daAuts
     D:8: 1697 daAuts
     D:6: 1675 daAuts
     D:5: 1630 daAuts
  Lair:3: 1592 daAuts
     D:7: 1563 daAuts
  Lair:1: 1530 daAuts
  Lair:4: 1144 daAuts
     D:9: 1064 daAuts
     D:1: 866 daAuts
     D:2: 772 daAuts
  Temple: 107 daAuts
